 Dungeon Crawl Stone Soup version 0.28-a0-1190-g77e1c55843 (webtiles) character file.

Game seed: 8613178282528461682

821 ChaosChampion the Thaumaturge (level 7, -2/36 HPs)
             Began as a Deep Elf Conjurer on Dec 18, 2021.
             Slain by an orc warrior (14 damage)
             ... on level 6 of the Dungeon.
             The game lasted 00:05:13 (6215 turns).

ChaosChampion the Thaumaturge (Deep Elf Conjurer)   Turns: 6215, Time: 00:05:14

Health: -2/36      AC:  3    Str:  4    XL:     7   Next: 63%
Magic:  8/22       EV: 12    Int: 25    God:
Gold:   230        SH:  0    Dex: 13    Spells: 18/25 levels left

rFire   . . .      SeeInvis .   j - staff of conjuration
rCold   . . .      Faith    .   (no shield)
rNeg    . . .      Spirit   .   a - +1 robe
rPois   .          Reflect  .   (no helmet)
rElec   .          Harm     .   (no cloak)
rCorr   .          Rampage  .   (no gloves)
Will    .....                   (no boots)
Stlth   ++........              (no amulet)
HPRegen 0.12/turn               (no ring)
MPRegen 0.18/turn               (no ring)

@: no status effects
A: no striking features
a: no special abilities


You were on level 6 of the Dungeon.
You visited 2 branches of the dungeon, and saw 7 of its levels.

You collected 230 gold pieces.

Inventory:

Missiles
 e - 2 throwing nets
Armour
 a - a +1 robe (worn)
Magical Staves
 f - a staff of fire
 j - a staff of conjuration (weapon)
Jewellery
 h - an amulet of faith
Wands
 n - a wand of flame (18)
Scrolls
 c - 2 scrolls of teleportation
 k - a scroll of identify {unknown}
 m - 2 scrolls of noise {unknown}
Potions
 b - a potion of cancellation {unknown}
 d - a potion of might {unknown}
 g - a potion of resistance {unknown}
 i - a potion of curing {unknown}
 l - a potion of brilliance {unknown}


   Skills:
 - Level 2.4 Dodging
 - Level 2.4 Stealth
 * Level 9.7 Spellcasting
 + Level 7.0 Conjurations


You had 18 spell levels left.
You knew the following spells:

 Your Spells              Type           Power      Damage    Failure   Level
a - Magic Dart            Conj           100%       1d8       1%          1
b - Searing Ray           Conj           100%       2d8       1%          2
c - Fulminant Prism       Conj/Hex       22%        3d13      12%         4

Your spell library contained the following spells:

 Spells                   Type           Power      Damage    Failure   Level
 Dazzling Flash           Conj/Hex       88%        N/A       3%          3
 Slow                     Hex            48%        N/A       4%          1
 Iskenderun's Mystic Bla  Conj/Tloc      44%        2d10      12%         4
 Confusing Touch          Hex            12%        N/A       16%         3
 Vampiric Draining        Necr           12%        2d6       16%         3


Dungeon Overview and Level Annotations

Branches:
Dungeon (6/15)             Temple (1/1) D:5

Altars:
Ashenzari
Cheibriados
Dithmenos
Elyvilon
Fedhas
Gozag
Makhleb
Nemelex Xobeh
Okawaru
Qazlal
Ru
Trog
Uskayaw
Wu Jian
Xom
Yredelemnul
Zin
The Shining One

Shops:
D:1 [   D:5 (

Annotations:
D:6 2 runed translucent doors


Message History

Aim: an orc, wielding a +0 club and wearing a +0 chain mail (87% to hit)
You feel a surge of power!
The searing ray hits the orc.
The orc is almost dead. (Press . to maintain the ray.)
The searing ray hits the orc.
You kill the orc!
The searing ray hits the orc warrior but does no damage.
The orc warrior misses you.
The searing ray hits the orc warrior.
The orc warrior is moderately wounded.
You finish channelling your searing ray.
Casting: Searing Ray (safe; 1% risk of failure)
Confirm with . or Enter, or press ? or * to list all spells.
Aiming: Searing Ray (safe; 1% risk of failure)
Press: ? - help, Shift-Dir - straight line, f - orc warrior
Aim: an orc warrior, wielding a +0 flail and wearing a +0 plate armour (lightly wounded, 83% to hit)
You feel a surge of power!
The searing ray hits the orc warrior.
The orc warrior is moderately wounded. (Press . to maintain the ray.)
The orc warrior closely misses you.
The searing ray hits the orc warrior but does no damage.
The orc warrior is moderately wounded.
The orc warrior hits you with a +0 flail!
The orc closely misses you.
The searing ray hits the orc warrior.
The orc warrior is heavily wounded.
The orc warrior hits you with a +0 flail!
The orc hits you with a +0 hand axe.
Casting: Searing Ray (safe; 1% risk of failure)
Confirm with . or Enter, or press ? or * to list all spells.
Aiming: Searing Ray (safe; 1% risk of failure)
Press: ? - help, Shift-Dir - straight line, f/p - orc warrior
Aim: an orc warrior, wielding a +0 flail and wearing a +0 plate armour (heavily wounded, 83% to hit)
You feel a surge of power!
The searing ray hits the orc warrior.
The orc warrior is severely wounded.
The searing ray hits the orc!
You kill the orc! (Press . to maintain the ray.)
The orc warrior hits you with a +0 flail!
You die...

#.#.# #.#.# .#
#)#.# .#
#.#.#####.#
#.........#
###.#####.# #.#
.#
..#####.#####.#
..........@o).#
#############)#
)# .# .# ^# .#
.# .# .# .# .#


You could see an orc warrior.

Vanquished Creatures
  A black bear (D:5)
  2 scorpions
  A water moccasin skeleton (D:5)
  A centaur zombie (D:6)
  2 hounds (D:5)
  A jelly (D:4)
  A bullfrog skeleton (D:6)
  Jessica (D:2)
  3 iguanas
  An orc wizard (D:6)
  A hound zombie (D:5)
  8 gnolls
  2 adders
  A shadow imp (D:6)
  A white imp (D:6)
  An ufetubus (D:6)
  An adder skeleton (D:4)
  A worm (D:2)
  2 dart slugs
  14 orcs
  5 endoplasms
  3 giant cockroaches
  4 goblins
  6 hobgoblins
  7 jackals
  3 quokkas
  3 ball pythons
  3 bats
  3 frilled lizards (D:2)
  6 kobolds
  7 rats
96 creatures vanquished.

Vanquished Creatures (collateral kills)
  A scorpion (D:5)
1 creature vanquished.

Vanquished Creatures (others)
  3 fulminant prisms
3 creatures vanquished.

Grand Total: 100 creatures vanquished

Notes
Turn   | Place    | Note
-------+----------+-------------------------------------------
     0 | D:1      | ChaosChampion the Deep Elf Conjurer began the quest for the
                  | Orb.
     0 | D:1      | Reached XP level 1. HP: 10/10 MP: 6/6
    54 | D:1      | Reached XP level 2. HP: 15/15 MP: 2/8
   139 | D:1      | Found Hocro's Armour Boutique.
   269 | D:1      | Reached skill level 4 in Spellcasting
   688 | D:2      | Learned a level 2 spell: Searing Ray
   982 | D:2      | Noticed Jessica
   985 | D:2      | Killed Jessica
   986 | D:2      | Reached XP level 3. HP: 15/19 MP: 7/11
  1250 | D:2      | Reached skill level 5 in Conjurations
  1372 | D:2      | Reached skill level 5 in Spellcasting
  1850 | D:3      | Reached XP level 4. HP: 24/24 MP: 8/13
  2223 | D:3      | You fall into a shaft and drop 2 floors!
  2223 | D:5      | Entered Level 5 of the Dungeon
  2233 | D:5      | Reached skill level 6 in Spellcasting
  2241 | D:5      | Reached XP level 5. HP: 27/28 MP: 1/15
  2249 | D:5      | Learned a level 4 spell: Fulminant Prism
  2414 | D:5      | Noticed a black bear
  2427 | D:5      | Killed a black bear
  2428 | D:5      | Reached skill level 7 in Spellcasting
  2517 | D:5      | Reached XP level 6. HP: 32/32 MP: 10/18
  3030 | D:3      | Found a basalt altar of Yredelemnul.
  3031 | D:3      | Found a shadowy altar of Dithmenos.
  3046 | D:3      | Found a shimmering altar of Xom.
  3048 | D:3      | Found a white marble altar of Elyvilon.
  3049 | D:3      | Found a hide-covered altar of Uskayaw.
  3050 | D:3      | Found an ornate altar of the Wu Jian Council.
  3050 | D:3      | Found a bloodstained altar of Trog.
  3051 | D:3      | Found a broken altar of Ashenzari.
  3324 | D:4      | Found a glowing silver altar of Zin.
  3394 | D:4      | Reached skill level 8 in Spellcasting
  4346 | D:5      | Reached XP level 7. HP: 24/36 MP: 13/20
  4674 | D:5      | Reached skill level 9 in Spellcasting
  4733 | D:5      | Found Podaeva's Weapon Shop.
  4866 | D:5      | Found a staircase to the Ecumenical Temple.
  5075 | Temple   | Entered the Ecumenical Temple
  5973 | D:6      | Found a runed translucent door.
  5975 | D:6      | Found a runed translucent door.
  6215 | D:6      | Slain by an orc warrior

Illustrated notes

Levels and vault maps discovered:
D:1:      nzn_arrival_depleted_hourglass, layout_rooms, serial_shops, shop,
          chequers_mini_garden, minivault_4, nrook_mini_backslash
D:2:      layout_basic, uniq_jessica
D:3:      layout_rooms, grunt_temple_overflow_open, serial_curves,
          eino_curves_02, eino_curves_01, minmay_misc_feat_more_columns,
          chequers_decorated_corner, glass_columns_b
D:4:      layout_basic, mainiacjoe_overflow_paths
D:5:      layout_loops_ring, minmay_temple_entry_mini_moons, serial_shops,
          nicolae_shop_crystal
D:6:      lemuel_insect_pit, layout_loops_ring, kennysheep_generic_room_13
Temple:   jpeg_temple_island

Skill      XL: |  1  2  3  4  5  6  7 |
---------------+----------------------+-----
Spellcasting   | 4 5 6 7 8 9 |  9.7
Conjurations   | 5 6 7 |  7.0
Dodging        | |  2.4
Stealth        | |  2.4

Action                   |  1- 3 |  4- 6 |  7- 9 || total
-------------------------+-------+-------+-------++-------
Melee: Staff             |       |       |     4 ||     4
 Cast: Magic Dart        |    57 |    57 |    39 ||   153
       Searing Ray       |     2 |    24 |    12 ||    38
       Fulminant Prism   |       |     3 |       ||     3
  Use: Scroll            |       |       |     8 ||     8
Armor: Robe              |       |     2 |     3 ||     5
Dodge: Dodged            |     2 |    15 |     8 ||    25

Table legend: (Time is in decaauts)
 A = Elapsed time spent in this place.
 B = Non-inter-level travel time spent in this place.
 C = Inter-level travel time spent in this place.
 D = Time resting spent in this place.
 E = Time spent auto-exploring this place.
 F = Levels seen in this place.
 G = Mean time per level.
                   A        B        C        D        E       F      G
               +--------+--------+--------+--------+--------+-----+--------+
         Total |   6265 |   6058 |    207 |    650 |   4828 |   7 |  895.0 |
       Dungeon |   5996 |   5806 |    190 |    650 |   4609 |   6 |  999.3 |
        Temple |    268 |    251 |     17 |      0 |    218 |   1 |  268.0 |
               +--------+--------+--------+--------+--------+-----+--------+

Top non-repeatable levels by time:
     D:4: 1385 daAuts
     D:2: 1131 daAuts
     D:5: 992 daAuts
     D:3: 921 daAuts
     D:6: 893 daAuts
     D:1: 672 daAuts
  Temple: 268 daAuts
